[Event "ICCopen2016"]
[Site "Internet Chess Club"]
[Date "2016.06.04"]
[Round "3"]
[White "ChampSeraph"]
[Black "Dare-Dare"]
[Result "1-0"]
[ICCResult "Black resigns"]
[WhiteElo "2679"]
[BlackElo "1896"]
[Opening "Queen's pawn"]
[ECO "A40"]
[NIC "QO.17"]
[Time "14:23:56"]
[TimeControl "180+0"]

1. d4 e6 2. Nf3 f5 3. g3 Nf6 4. Bg2 d5 5. O-O Bd6 6. Bf4 O-O 7. Bxd6 Qxd6 8.
Nbd2 Nbd7 9. c4 c6 10. Rc1 b6 11. Qb3 Bb7 12. cxd5 exd5 13. Rc2 Ne4 14. Rfc1
Ndf6 15. Ne5 Nxd2 16. Rxd2 Rac8 17. Rdc2 Nd7 18. Nxc6 Bxc6 19. Rxc6 Qb8 20.
Qxd5+ {Black resigns} 1-0

[Event "ICCopen2016"]
[Site "Internet Chess Club"]
[Date "2016.06.04"]
[Round "3"]
[White "Astigmatist"]
[Black "HEM"]
[Result "1-0"]
[ICCResult "Black resigns"]
[WhiteElo "1956"]
[BlackElo "1541"]
[Opening "Sicilian defense"]
[ECO "B40"]
[NIC "SI.43"]
[Time "14:23:32"]
[TimeControl "180+0"]

1. e4 c5 2. Nf3 e6 3. g3 Nc6 4. Bg2 g6 5. O-O Bg7 6. c3 Nge7 7. d4 cxd4 8.
cxd4 d5 9. exd5 Nxd5 10. Nc3 Nxc3 11. bxc3 O-O 12. Rb1 Qa5 13. Qb3 Rd8 14.
Bd2 Bf8 15. Rfe1 Ne7 16. c4 Nf5 17. Bxa5 {Black resigns} 1-0

[Event "ICCopen2016"]
[Site "Internet Chess Club"]
[Date "2016.06.04"]
[Round "3"]
[White "chessasuke91"]
[Black "Skeptic1972"]
[Result "0-1"]
[ICCResult "White resigns"]
[WhiteElo "2703"]
[BlackElo "1354"]
[Opening "Sicilian: Richter-Rauzer, Rauzer attack, 7...a6 defense, 9...Be7"]
[ECO "B68"]
[NIC "SI.27"]
[Time "14:23:28"]
[TimeControl "180+0"]

1. e4 c5 2. Nf3 d6 3. d4 cxd4 4. Nxd4 Nf6 5. Nc3 Nc6 6. Bg5 e6 7. Qd2 Be7 8.
O-O-O a6 9. f4 Bd7 10. Nf3 b5 11. e5 b4 12. exf6 bxc3 13. Qxc3 gxf6 14. Kb1
d5 15. Bh4 Rb8 16. Nd4 Nxd4 17. Rxd4 O-O 18. Rd3 Kh8 19. Be2 Rg8 20. Rg3 Bb5
21. Bxb5 Rxb5 22. Rd1 Rxg3 23. Bxg3 Bb4 24. Qd3 Qa5 25. b3 Bc3 26. Qe3 Qxa2+
{White resigns}
0-1

[Event "ICCopen2016"]
[Site "Internet Chess Club"]
[Date "2016.06.04"]
[Round "3"]
[White "WoodTree"]
[Black "jbrongkos"]
[Result "1-0"]
[ICCResult "Black resigns"]
[WhiteElo "2360"]
[BlackElo "1860"]
[Opening "English opening"]
[ECO "A10"]
[NIC "EO.64"]
[Time "14:23:15"]
[TimeControl "180+0"]

1. c4 d6 2. b3 e5 3. Bb2 g6 4. d3 Bg7 5. Nd2 f5 6. e3 Nf6 7. Qc2 O-O 8. Be2
Nc6 9. a3 a6 10. Ngf3 h6 11. h3 Ne7 12. O-O-O g5 13. Rdg1 b5 14. g4 f4 15.
h4 Nd7 16. hxg5 hxg5 17. d4 Nc6 18. cxb5 Na5 19. Qh7+ Kf7 20. Ne4 Rh8 21.
Nfxg5+ Kf8 22. Qxh8+ Bxh8 23. Rxh8+ Ke7 24. Rh7+ Kf8 25. Ne6+ Kg8 26. Rg7+
{Black resigns}
1-0

[Event "ICCopen2016"]
[Site "Internet Chess Club"]
[Date "2016.06.04"]
[Round "3"]
[White "Blockader"]
[Black "gajardo"]
[Result "0-1"]
[ICCResult "White resigns"]
[WhiteElo "1744"]
[BlackElo "2147"]
[Opening "Modern defense: Averbakh system"]
[ECO "A40"]
[NIC "KF.04"]
[Time "14:22:54"]
[TimeControl "180+0"]

1. d4 g6 2. e4 Bg7 3. c4 d6 4. Nc3 c6 5. Nf3 Qc7 6. Be2 Nd7 7. Bf4 e5 8.
dxe5 dxe5 9. Bg3 Ngf6 10. h3 O-O 11. O-O Re8 12. Nd4 Nh5 13. Nb3 Nxg3 14.
fxg3 a5 15. Bg4 Nf8 16. Bxc8 Raxc8 17. Rc1 Rcd8 18. Qe1 Ne6 19. Ne2 a4 20.
Nd2 Qb6+ 21. Kh2 Qxb2 22. Nf3 Qb6 23. Rb1 Qc7 24. Qb4 Rd7 25. Qxa4 Nc5 26.
Qc2 Red8 27. Rfd1 f6 28. Rxd7 Qxd7 29. a4 Qd3 30. Qxd3 Rxd3 31. a5 Ra3 32.
Rd1 Rxa5 33. Rd8+ Bf8 34. g4 Nxe4 35. g5 f5 36. h4 b5 37. cxb5 cxb5 38. Nd2
Nxd2 39. Rxd2 Ra8 40. Rb2 Rb8 41. Nc3 b4 42. Rb3 e4 43. Nd5 Bd6+ 44. Kg1 Kf7
45. Kf2 Ke6 46. Ne3 Bc5 47. Ke2 Bxe3 48. Kxe3 Kd5 49. g4 Kc4 50. Rb1 b3 51.
gxf5 gxf5 52. Kd2 f4 53. Kc1 Kc3 54. Kd1 b2 55. h5 e3 56. g6 hxg6 57. hxg6
f3 58. Ke1 Rg8 {White resigns} 0-1

[Event "ICCopen2016"]
[Site "Internet Chess Club"]
[Date "2016.06.04"]
[Round "3"]
[White "AaronArrowood"]
[Black "NoPrep"]
[Result "0-1"]
[ICCResult "White checkmated"]
[WhiteElo "1815"]
[BlackElo "2206"]
[Opening "French: Burn variation"]
[ECO "C11"]
[NIC "FR.05"]
[Time "14:22:44"]
[TimeControl "180+0"]

1. d4 Nf6 2. Nc3 d5 3. Bg5 e6 4. e4 dxe4 5. Nxe4 Be7 6. Bxf6 Bxf6 7. Nf3 O-O
8. c3 b6 9. Bd3 Bb7 10. Qe2 Nd7 11. h4 Rc8 12. Nfg5 h6 13. Nxf6+ Nxf6 14.
Nf3 c5 15. dxc5 Rxc5 16. O-O Rh5 17. g3 Qd5 18. Kg2 g5 19. Bc4 Qc6 20. Bb5
Qe4 21. Qxe4 Bxe4 22. hxg5 hxg5 23. g4 Nxg4 24. Kg3 Nf6 25. Ne5 g4 26. Nxg4
Nxg4 27. Kxg4 Rxb5 28. f3 Bf5+ 29. Kf4 Rxb2 30. Rg1+ Bg6 31. Rad1 Rc8 32.
Rd7 Rxa2 33. Kg5 Ra5+ 34. Kf4 Rf5+ 35. Kg3 Rxc3 36. Rxa7 Rfxf3+ 37. Kg4 Kg7
38. Rb7 Kf6 39. Rxb6 Bf5+ 40. Kh4 Rh3# {White checkmated} 0-1

[Event "ICCopen2016"]
[Site "Internet Chess Club"]
[Date "2016.06.04"]
[Round "3"]
[White "OparinGrigoriy"]
[Black "Sam08"]
[Result "1-0"]
[ICCResult "Black resigns"]
[WhiteElo "2822"]
[BlackElo "2397"]
[Opening "Ruy Lopez: Exchange variation doubly deferred (DERLD)"]
[ECO "C85"]
[NIC "RL.14"]
[Time "14:23:33"]
[TimeControl "180+0"]

1. e4 e5 2. Nf3 Nc6 3. Bb5 a6 4. Ba4 Nf6 5. O-O Be7 6. Bxc6 dxc6 7. d3 Nd7
8. b3 f6 9. Bb2 c5 10. Nh4 Nf8 11. Nc3 Be6 12. Nf5 g6 13. Nxe7 Qxe7 14. f4
exf4 15. Rxf4 Nd7 16. Qd2 O-O 17. Raf1 b5 18. Ne2 Rad8 19. Qe3 Ne5 20. Qg3
Nc6 21. Bxf6 Qd7 22. Bxd8 Rxf4 23. Qxf4 Qxd8 24. Qf6 Qe8 25. h3 c4 26. bxc4
bxc4 27. Nf4 Bf7 28. Nd5 Bxd5 29. exd5 Nb4 30. Qe6+ Qxe6 31. dxe6
{Black resigns}
1-0

[Event "ICCopen2016"]
[Site "Internet Chess Club"]
[Date "2016.06.04"]
[Round "3"]
[White "BigCol"]
[Black "ramezsamir"]
[Result "0-1"]
[ICCResult "White checkmated"]
[WhiteElo "1753"]
[BlackElo "2151"]
[Opening "Queen's pawn"]
[ECO "A40"]
[NIC "QO.17"]
[Time "14:22:51"]
[TimeControl "180+0"]

1. d4 e6 2. Nf3 d5 3. Bf4 Nf6 4. e3 c5 5. h3 Nc6 6. c3 Qb6 7. Qb3 c4 8. Qxb6
axb6 9. Be2 b5 10. O-O b4 11. Re1 Ne4 12. Nfd2 bxc3 13. bxc3 f5 14. Nxe4
fxe4 15. f3 exf3 16. Bxf3 Be7 17. e4 dxe4 18. Bxe4 O-O 19. Bg3 Bg5 20. Re2
Bc1 21. Nd2 Bb2 22. Rb1 Bxc3 23. Nxc4 Nxd4 24. Rf2 Rxf2 25. Bxf2 Rxa2 26.
Bxb7 Bxb7 27. Rxb7 Ne2+ 28. Kh2 Nf4 29. Nd6 h6 30. Rb8+ Kh7 31. Ne4 Be5 32.
Rb7 Ne2+ 33. Kh1 Ra1+ 34. Bg1 Rxg1# {White checkmated} 0-1

[Event "ICCopen2016"]
[Site "Internet Chess Club"]
[Date "2016.06.04"]
[Round "3"]
[White "psychopat2016"]
[Black "pulpocybort"]
[Result "0-1"]
[ICCResult "White resigns"]
[WhiteElo "1330"]
[BlackElo "1598"]
[Opening "Sicilian: accelerated fianchetto, modern variation"]
[ECO "B34"]
[NIC "SI.33"]
[Time "14:22:46"]
[TimeControl "180+0"]

1. e4 c5 2. Nf3 g6 3. d4 cxd4 4. Nxd4 Nc6 5. Nc3 Bg7 6. Be3 Nf6 7. f3 O-O 8.
Qd2 d5 9. exd5 Nxd5 10. Nxd5 Qxd5 11. O-O-O Qxa2 12. Qd3 Nxd4 13. Bxd4 Bf5
14. Qc3 Rfd8 15. Bc4 Qa1+ 16. Kd2 Rxd4+ 17. Qxd4 Qxd1+ 18. Rxd1 Bxd4 19. g4
Be6 20. Bxe6 fxe6 21. c3 Bb6 22. Kc2 Rd8 23. Rxd8+ Bxd8 24. Kb3 Kf7 25. Kb4
Kf6 26. Kc5 Bc7 27. h4 h5 28. gxh5 gxh5 29. b4 Kf5 30. c4 Kf4 31. Kb5 Kxf3
32. c5 Kg4 33. c6 bxc6+ 34. Kxc6 Bd6 35. b5 Kxh4 36. Kd7 Kg4 37. Kxe6 h4
{White resigns}
0-1

[Event "ICCopen2016"]
[Site "Internet Chess Club"]
[Date "2016.06.04"]
[Round "3"]
[White "mrquinn"]
[Black "luckypawns"]
[Result "0-1"]
[ICCResult "White resigns"]
[WhiteElo "1354"]
[BlackElo "1601"]
[Opening "Queen's pawn"]
[ECO "A40"]
[NIC "QO.17"]
[Time "14:24:08"]
[TimeControl "180+0"]

1. d4 a5 2. e4 b6 3. c4 Bb7 4. Nc3 Nc6 5. d5 Ne5 6. f4 Ng6 7. Nf3 e5 8. fxe5
d6 9. Bd3 dxe5 10. O-O Bd6 11. Nb5 Bc5+ 12. Kh1 Nf6 13. Bg5 Qd7 14. Bxf6
gxf6 15. Qe1 Rg8 16. Qg3 O-O-O 17. a3 Nf4 18. Be2 Rxg3 19. hxg3 Nxe2 20. Nh4
Nxg3+ 21. Kh2 Nxf1+ 22. Rxf1 Qg4 23. Nf5 Rg8 24. Rf2 Bxf2 {White resigns}
0-1

[Event "ICCopen2016"]
[Site "Internet Chess Club"]
[Date "2016.06.04"]
[Round "3"]
[White "danvenez"]
[Black "oriGinal"]
[Result "0-1"]
[ICCResult "White checkmated"]
[WhiteElo "1484"]
[BlackElo "1760"]
[Opening "Old Indian defense"]
[ECO "A42"]
[NIC "OI.07"]
[Time "14:23:11"]
[TimeControl "180+0"]

1. d4 d6 2. c4 g6 3. Nf3 Nd7 4. Bf4 Bg7 5. h4 e5 6. dxe5 dxe5 7. Bg5 Ne7 8.
e4 h6 9. Be3 O-O 10. Nc3 f5 11. Bd3 f4 12. Bd2 Nc5 13. Qc2 Nxd3+ 14. Ke2 Nc5
15. b4 Na6 16. a3 Be6 17. Nd5 c6 18. Nxe7+ Qxe7 19. Rhc1 Rad8 20. Bc3 Bg4
21. Rd1 Bxf3+ 22. gxf3 Qxh4 23. Qb3 Kh7 24. c5 Nc7 25. a4 Qe7 26. Qc4 Qe6
27. Qxe6 Nxe6 28. Rd6 Rxd6 29. cxd6 Rd8 30. Rd1 Bf8 31. Kd3 Rxd6+ 32. Kc2
Rxd1 33. Kxd1 Nd4 34. b5 Nxf3 35. Ke2 Nd4+ 36. Bxd4 exd4 37. Kd3 c5 38. Kc4
b6 39. f3 Kg7 40. Kd5 h5 41. Kc4 h4 42. e5 h3 43. e6 h2 44. e7 Bxe7 45. Kd5
h1=Q 46. Kc6 Qxf3+ 47. Kc7 d3 48. Kb8 c4 49. Kxa7 c3 50. Kxb6 c2 51. a5 c1=Q
52. a6 Qc5+ 53. Ka5 Bd8+ 54. Ka4 Qe4+ 55. Kb3 Qeb4+ 56. Ka2 Qc2+ 57. Ka1
Qbb1# {White checkmated} 0-1

[Event "ICCopen2016"]
[Site "Internet Chess Club"]
[Date "2016.06.04"]
[Round "3"]
[White "zelog"]
[Black "Oblique"]
[Result "0-1"]
[ICCResult "White resigns"]
[WhiteElo "2114"]
[BlackElo "1754"]
[Opening "English, 1...Nf6 (Anglo-Indian defense)"]
[ECO "A15"]
[NIC "RE.06"]
[Time "14:23:00"]
[TimeControl "180+0"]

1. c4 Nf6 2. g3 c6 3. Bg2 d5 4. Nf3 Bf5 5. O-O e6 6. d3 Be7 7. Nc3 Nbd7 8.
Bg5 O-O 9. a3 h6 10. Bxf6 Nxf6 11. Qb3 Qb6 12. cxd5 Qxb3 13. dxc6 bxc6 14.
Rab1 Nd5 15. Nd4 Qb7 16. Nxf5 exf5 17. Rfc1 Rac8 18. b4 Nxc3 19. Rxc3 Qa6
20. Rbc1 c5 21. bxc5 Rc7 22. d4 Rfc8 23. e3 g5 24. Bd5 f4 25. gxf4 gxf4 26.
e4 f3 27. Rxf3 Qe2 28. Rxf7 Kh8 29. Kh1 Rg8 30. Rf5 Bh4 31. Bxg8 Kxg8 32.
Rg1+ Kh7 33. f3 Bf2 34. Rg4 Qf1+ {White resigns} 0-1

[Event "ICCopen2016"]
[Site "Internet Chess Club"]
[Date "2016.06.04"]
[Round "3"]
[White "aplusk"]
[Black "B-Alqudaimi"]
[Result "1-0"]
[ICCResult "Black resigns"]
[WhiteElo "2836"]
[BlackElo "2436"]
[Opening "KGD: classical, 4.c3"]
[ECO "C30"]
[NIC "KG.05"]
[Time "14:23:20"]
[TimeControl "180+0"]

1. e4 e5 2. f4 Bc5 3. Nf3 d6 4. c3 Nc6 5. Bb5 Bd7 6. d4 exd4 7. cxd4 Bb6 8.
Nc3 Nge7 9. O-O O-O 10. f5 Ne5 11. Bxd7 Nxf3+ 12. Rxf3 Qxd7 13. Rh3 d5 14.
f6 Ng6 15. Qh5 Bxd4+ 16. Kh1 h6 17. Bxh6 Qxh3 18. Qxh3 gxh6 19. Nxd5 Kh7 20.
Rf1 c6 21. Ne7 Rae8 22. Nxg6 fxg6 23. Qd7+ {Black resigns} 1-0

[Event "ICCopen2016"]
[Site "Internet Chess Club"]
[Date "2016.06.04"]
[Round "3"]
[White "SIRPALADIN"]
[Black "Barbos"]
[Result "0-1"]
[ICCResult "White resigns"]
[WhiteElo "1906"]
[BlackElo "2567"]
[Opening "Benkö gambit: Zaitsev system"]
[ECO "A50"]
[NIC "BI.44"]
[Time "14:22:54"]
[TimeControl "180+0"]

1. d4 Nf6 2. c4 a6 3. Nc3 c5 4. d5 b5 5. cxb5 axb5 6. e4 b4 7. Nb5 d6 8. Bf4
Nbd7 9. Nf3 Ng4 10. Bd3 g6 11. h3 Nge5 12. Nxe5 Nxe5 13. Bxe5 dxe5 14. O-O
Bh6 15. a4 O-O 16. Qc2 Qb6 17. b3 e6 18. Bc4 exd5 19. Bxd5 Ra5 20. Qc4 Bd7
21. Rad1 Kg7 22. Rd3 Rxb5 23. axb5 Bxb5 24. Qc2 Bxd3 25. Qxd3 Rd8 26. Qc4
Rd7 27. Rd1 f5 28. exf5 gxf5 29. Rd3 Bf4 30. Rf3 Qd6 31. g3 Qxd5 32. Qxd5
Rxd5 33. gxf4 e4 34. Rg3+ Kf6 35. Kf1 Rd3 36. Ke2 Rxg3 37. fxg3 c4 38. bxc4
b3 39. Kd2 e3+ {White resigns} 0-1

[Event "ICCopen2016"]
[Site "Internet Chess Club"]
[Date "2016.06.04"]
[Round "3"]
[White "nikenwidiartto"]
[Black "Desotojags"]
[Result "1-0"]
[ICCResult "Black checkmated"]
[WhiteElo "1849"]
[BlackElo "1466"]
[Opening "Scandinavian: Pytel-Wade variation"]
[ECO "B01"]
[NIC "SD.02"]
[Time "14:24:29"]
[TimeControl "180+0"]

1. e4 d5 2. exd5 Qxd5 3. Nc3 Qd6 4. d4 Nf6 5. Nb5 Qd8 6. c4 c6 7. Nc3 e6 8.
Nf3 Be7 9. Be2 Nbd7 10. O-O a6 11. a4 a5 12. h3 h6 13. Be3 Nf8 14. Re1 Ng6
15. Qd2 Bd7 16. Rad1 Rb8 17. Ne5 Nxe5 18. dxe5 Ng8 19. Ne4 f5 20. exf6 Nxf6
21. Nd6+ Bxd6 22. Qxd6 Ne4 23. Bh5+ g6 24. Bxg6# {Black checkmated} 1-0

[Event "ICCopen2016"]
[Site "Internet Chess Club"]
[Date "2016.06.04"]
[Round "3"]
[White "Federicov"]
[Black "waynerooney"]
[Result "1-0"]
[ICCResult "Black resigns"]
[WhiteElo "3170"]
[BlackElo "1915"]
[Opening "Ruy Lopez: closed defense"]
[ECO "C84"]
[NIC "RL.13"]
[Time "14:23:06"]
[TimeControl "180+0"]

1. e4 e5 2. Nf3 Nc6 3. Bb5 a6 4. Ba4 Nf6 5. O-O Be7 6. d3 b5 7. Bb3 d6 8. a3
O-O 9. Nc3 Bb7 10. Re1 Na5 11. Ba2 c5 12. Bg5 Nd7 13. Bxe7 Qxe7 14. Nd5 Bxd5
15. Bxd5 Rac8 16. b4 Nc6 17. c3 Nb6 18. Ba2 Na4 19. Qd2 Nd8 20. Bb3 Nb6 21.
a4 c4 22. dxc4 Nxc4 23. Bxc4 Rxc4 24. axb5 axb5 25. Ra3 Ne6 26. Rd1 Rfc8 27.
g3 h6 28. Qxd6 Qxd6 29. Rxd6 Rxc3 30. Rxc3 Rxc3 31. Nxe5 Ng5 32. h4 Nxe4 33.
Rd8+ Kh7 34. Nxf7 Rc4 35. Rh8+ Kg6 36. Ne5+ Kf5 37. Nxc4 bxc4 38. Rc8 c3 39.
b5 Ke5 40. b6 Nd6 41. Rxc3 Kd5 42. Rc7 {Black resigns} 1-0

[Event "ICCopen2016"]
[Site "Internet Chess Club"]
[Date "2016.06.04"]
[Round "3"]
[White "rovov"]
[Black "VrloJakMK"]
[Result "0-1"]
[ICCResult "White resigns"]
[WhiteElo "1736"]
[BlackElo "2132"]
[Opening "English: symmetrical, main line with d4"]
[ECO "A39"]
[NIC "EO.26"]
[Time "14:23:13"]
[TimeControl "180+0"]

1. Nf3 Nf6 2. c4 c5 3. Nc3 Nc6 4. g3 g6 5. Bg2 Bg7 6. O-O O-O 7. d4 cxd4 8.
Nxd4 Nxd4 9. Qxd4 d6 10. Qd3 a6 11. Bg5 Qa5 12. Bxf6 Bxf6 13. Nd5 Bxb2 14.
Rab1 Bf6 15. Nxf6+ exf6 16. Qxd6 Be6 17. Rxb7 Rfd8 18. Qc7 Qxa2 19. c5 Rac8
20. Qb6 a5 21. e3 a4 22. Ra7 Qc2 23. Rxa4 Qxa4 24. c6 Rd1 25. Qb7 Rxf1+ 26.
Bxf1 Qxc6 {White resigns} 0-1

[Event "ICCopen2016"]
[Site "Internet Chess Club"]
[Date "2016.06.04"]
[Round "3"]
[White "rookfish"]
[Black "king235"]
[Result "1-0"]
[ICCResult "Black checkmated"]
[WhiteElo "1170"]
[BlackElo "1028"]
[Opening "Ruy Lopez: Caro variation"]
[ECO "C70"]
[NIC "RL.09"]
[Time "14:25:08"]
[TimeControl "180+0"]

1. e4 e5 2. Nf3 Nc6 3. Bb5 a6 4. Ba4 b5 5. Bb3 Nf6 6. Bxf7+ Kxf7 7. O-O Ke8
8. c3 Nxe4 9. Qb3 Nc5 10. Qc2 Qf6 11. d4 Na4 12. dxe5 Nxe5 13. Nxe5 d6 14.
Ng4 Qh4 15. Re1+ Kd8 16. Qe4 Ra7 17. Qe8# {Black checkmated} 1-0

[Event "ICCopen2016"]
[Site "Internet Chess Club"]
[Date "2016.06.04"]
[Round "3"]
[White "eternalwarrior"]
[Black "DukeBishop"]
[Result "0-1"]
[ICCResult "White resigns"]
[WhiteElo "1385"]
[BlackElo "1606"]
[Opening "Ruy Lopez: Marshall counter-attack"]
[ECO "C89"]
[NIC "RL.17"]
[Time "14:22:57"]
[TimeControl "180+0"]

1. e4 e5 2. Nf3 Nc6 3. Bb5 a6 4. Ba4 Nf6 5. O-O Be7 6. Re1 b5 7. Bb3 O-O 8.
c3 d5 9. d3 Bb7 10. exd5 Nxd5 11. Nbd2 Nf4 12. Nxe5 Nxe5 13. Rxe5 Nxd3 14.
Re3 Bc5 15. Re2 Qh4 16. Qf1 Rae8 17. Nf3 Bxf3 18. gxf3 {White resigns} 0-1

[Event "ICCopen2016"]
[Site "Internet Chess Club"]
[Date "2016.06.04"]
[Round "3"]
[White "Dan83"]
[Black "kofigan"]
[Result "1-0"]
[ICCResult "Black checkmated"]
[WhiteElo "1967"]
[BlackElo "1175"]
[Opening "King's pawn game"]
[ECO "C50"]
[NIC "IG.03"]
[Time "14:23:37"]
[TimeControl "180+0"]

1. e4 e5 2. Nf3 Nc6 3. Bc4 h6 4. d4 exd4 5. Nxd4 Nxd4 6. Qxd4 d6 7. O-O c5
8. Qd3 a6 9. a4 Be7 10. Nc3 Nf6 11. f4 O-O 12. f5 Ng4 13. Qg3 h5 14. Nd5 Ne5
15. f6 Bxf6 16. Nxf6+ Kh8 17. Qg5 g6 18. Qh6# {Black checkmated} 1-0

[Event "ICCopen2016"]
[Site "Internet Chess Club"]
[Date "2016.06.04"]
[Round "3"]
[White "fisek2007"]
[Black "SPARNALIQ"]
[Result "0-1"]
[ICCResult "White resigns"]
[WhiteElo "2463"]
[BlackElo "2864"]
[Opening "Polish defense"]
[ECO "A40"]
[NIC "QO.17"]
[Time "14:23:44"]
[TimeControl "180+0"]

1. d4 b5 2. e4 a6 3. a4 b4 4. c3 Bb7 5. Bd3 e6 6. Nf3 Nf6 7. e5 Nd5 8. c4
Nb6 9. O-O Nc6 10. b3 Na5 11. Bg5 Be7 12. Bxe7 Qxe7 13. Nbd2 O-O 14. Qe2 d6
15. exd6 cxd6 16. Rfe1 Rfe8 17. Rab1 Rad8 18. Ne4 h6 19. c5 Bxe4 20. cxb6
Bxd3 21. Qxd3 Qb7 22. d5 e5 23. Nh4 Qxb6 24. Nf5 Kh8 25. Qg3 Rg8 26. Ne7
Rgf8 27. Nf5 Rg8 28. Ne7 Rgf8 29. Nf5 g6 30. Nxh6 Qd4 31. Ng4 Kg7 32. Rbd1
Qf4 33. Qxf4 exf4 34. Rd3 f5 35. Re7+ Rf7 36. Rxf7+ Kxf7 37. Nh6+ Kg7 38.
Rd4 Rb8 39. g4 Kxh6 40. gxf5 gxf5 41. Rxf4 Nxb3 42. Rxf5 Nd2 43. Rf6+ Kg5
44. Rxd6 b3 45. Rb6 Rxb6 {White resigns} 0-1

[Event "ICCopen2016"]
[Site "Internet Chess Club"]
[Date "2016.06.04"]
[Round "3"]
[White "Imaneverwas"]
[Black "kfactor"]
[Result "1-0"]
[ICCResult "Black checkmated"]
[WhiteElo "1722"]
[BlackElo "1396"]
[Opening "English: Caro-Kann defensive system"]
[ECO "A11"]
[NIC "EO.64"]
[Time "14:22:56"]
[TimeControl "180+0"]

1. c4 c6 2. g3 e6 3. Bg2 d5 4. Nf3 h5 5. h3 g6 6. Nc3 Bh6 7. O-O a6 8. d3
Bxc1 9. Qxc1 Nh6 10. cxd5 cxd5 11. e4 d4 12. Ne2 Nc6 13. Qc5 Qd7 14. Nexd4
Nxd4 15. Qxd4 Rg8 16. Qxd7+ Bxd7 17. Ne5 Rf8 18. Rfc1 Ke7 19. Rc7 Rfd8 20.
Rxb7 Kd6 21. Nxd7 Rxd7 22. e5+ Ke7 23. Rxd7+ Kxd7 24. Bxa8 Nf5 25. Be4 Nd4
26. Kf1 a5 27. Rc1 Ke7 28. Rc4 Nb5 29. a4 Nc7 30. Rxc7+ Kf8 31. Ra7 Kg7 32.
Rxa5 Kh6 33. Rc5 Kg5 34. f4+ Kh6 35. a5 f5 36. exf6 g5 37. Rxg5 h4 38. Rg7
hxg3 39. Rh7# {Black checkmated} 1-0

[Event "ICCopen2016"]
[Site "Internet Chess Club"]
[Date "2016.06.04"]
[Round "3"]
[White "TasteOflover"]
[Black "oskarito"]
[Result "1-0"]
[ICCResult "Black resigns"]
[WhiteElo "2863"]
[BlackElo "2470"]
[Opening "Old Benoni defense"]
[ECO "A46"]
[NIC "QP.06"]
[Time "14:24:10"]
[TimeControl "180+0"]

1. d4 Nf6 2. Nf3 c5 3. d5 g6 4. Nc3 Bg7 5. e4 d6 6. Bb5+ Nfd7 7. a4 Na6 8.
O-O Nc7 9. Be2 O-O 10. h3 Rb8 11. Be3 a6 12. a5 b5 13. axb6 Rxb6 14. Na4 Rb4
15. Nd2 f5 16. exf5 Rxf5 17. c3 Rb8 18. c4 Bxb2 19. Nxb2 Rxb2 20. Nb3 Ne5
21. Bc1 Rxe2 22. Qxe2 g5 23. f4 gxf4 24. Bxf4 Qf8 25. Bxe5 {Black resigns}
1-0

[Event "ICCopen2016"]
[Site "Internet Chess Club"]
[Date "2016.06.04"]
[Round "3"]
[White "chigamaster"]
[Black "majasystem"]
[Result "1-0"]
[ICCResult "Black resigns"]
[WhiteElo "2975"]
[BlackElo "2167"]
[Opening "Scotch: Schmidt variation"]
[ECO "C45"]
[NIC "SO.04"]
[Time "14:23:43"]
[TimeControl "180+0"]

1. e4 e5 2. Nf3 Nc6 3. d4 exd4 4. Nxd4 Nf6 5. Nc3 Bb4 6. Nxc6 bxc6 7. Bd3 d5
8. exd5 cxd5 9. O-O O-O 10. h3 c6 11. Qf3 Nd7 12. Bf4 Qf6 13. Qg3 Nc5 14.
Be5 Qh6 15. Bf4 Qf6 16. Bg5 Qe6 17. Rfe1 Ne4 18. Bxe4 Bxc3 19. Bxh7+ Kxh7
20. Rxe6 Bxe6 21. Qxc3 f6 22. Be3 Rac8 23. Bxa7 Bf5 24. Bc5 Bg6 25. Bxf8
Rxf8 26. Qxc6 Rf7 27. Qxd5 Rb7 28. Qxb7 Bxc2 29. a4 Be4 30. Qxe4+ f5 31.
Qxf5+ g6 32. Qf7+ Kh8 33. Re1 {Black resigns} 1-0

[Event "ICCopen2016"]
[Site "Internet Chess Club"]
[Date "2016.06.04"]
[Round "3"]
[White "B-Amin"]
[Black "abroz"]
[Result "1-0"]
[ICCResult "Black resigns"]
[WhiteElo "2935"]
[BlackElo "2544"]
[Opening "Sicilian defense"]
[ECO "B40"]
[NIC "SI.43"]
[Time "14:23:47"]
[TimeControl "180+0"]

1. e4 c5 2. Nf3 e6 3. d3 Nc6 4. g3 g6 5. Bg2 Bg7 6. O-O Nge7 7. Re1 d6 8. c3
e5 9. a3 O-O 10. b4 b6 11. Nbd2 Be6 12. Bb2 Qd7 13. Ng5 Rae8 14. Nxe6 Qxe6
15. Nc4 f5 16. b5 Nd8 17. exf5 gxf5 18. a4 f4 19. a5 d5 20. axb6 axb6 21.
Nd2 Nf7 22. c4 Qg6 23. cxd5 Qxd3 24. Be4 Qxb5 25. Qh5 h6 26. Rab1 Qd7 27.
Nc4 Nd6 28. Nxe5 Bxe5 29. Bxe5 Nxe4 30. Qxh6 Nf5 31. Qh8+ Kf7 32. Qh7+
{Black resigns}
1-0

[Event "ICCopen2016"]
[Site "Internet Chess Club"]
[Date "2016.06.04"]
[Round "3"]
[White "HouseOfFun"]
[Black "MrGioMu"]
[Result "1-0"]
[ICCResult "Black forfeits on time"]
[WhiteElo "2378"]
[BlackElo "1850"]
[Opening "Modern defense"]
[ECO "A40"]
[NIC "QO.17"]
[Time "14:22:52"]
[TimeControl "180+0"]

1. d4 g6 2. Nf3 Bg7 3. Bg5 c5 4. e3 cxd4 5. exd4 h6 6. Bh4 Nf6 7. c3 Qb6 8.
Qc2 O-O 9. Nbd2 d6 10. Bd3 Nc6 11. O-O Bd7 12. Rfe1 Rac8 13. Nc4 Qc7 14. Qd2
b5 15. Ne3 b4 16. Bxf6 exf6 17. Rac1 bxc3 18. Rxc3 d5 19. Nxd5 Qd6 20. Bc4
Na5 21. Ne3 Nxc4 22. Nxc4 Qd5 23. b3 Bb5 24. Ne3 Qd7 25. Rec1 Rxc3 26. Rxc3
Rd8 27. a4 Bc6 28. d5 Ba8 29. h3 f5 30. Rd3 h5 31. Qa5 f4 32. Nc4 Re8 33.
Qb5 Qxb5 34. axb5 f6 35. d6 Rd8 36. Nd4 Kf7 37. Nc6 Rd7 38. Nb8 Rd8 39. d7
Be4 40. Rd4 f5 41. Rd2 f3 42. gxf3 Bxf3 43. Nc6 Bf6 44. Nxd8+ Bxd8 45. Ne5+
Kf6 46. Nxf3 {Black forfeits on time} 1-0

[Event "ICCopen2016"]
[Site "Internet Chess Club"]
[Date "2016.06.04"]
[Round "3"]
[White "Indiana-Jones"]
[Black "kingmate"]
[Result "1-0"]
[ICCResult "Black resigns"]
[WhiteElo "2828"]
[BlackElo "2425"]
[Opening "English opening"]
[ECO "A05"]
[NIC "QP.11"]
[Time "14:22:52"]
[TimeControl "180+0"]

1. Nf3 Nf6 2. c4 e6 3. Nc3 Nc6 4. d4 Bb4 5. Bg5 h6 6. Bh4 g5 7. Bg3 Ne4 8.
Qc2 d5 9. e3 h5 10. h4 g4 11. Ng5 Nxg5 12. hxg5 Qxg5 13. Bxc7 dxc4 14. Bxc4
Bd7 15. Bf4 Qg7 16. O-O Rc8 17. Qe2 Bxc3 18. bxc3 h4 19. Rab1 b6 20. Ba6 h3
21. g3 Qg6 22. Kh2 Ne7 23. Bxc8 Bxc8 24. e4 Bb7 25. Rfe1 O-O 26. c4 Re8 27.
d5 Kh7 28. a4 Rc8 29. a5 Ba6 30. axb6 axb6 31. Rxb6 Bxc4 32. Qb2 Ra8 33. Qd4
Ra4 34. d6 Bb5 35. Qc5 Rxe4 36. Rxe4 Qxe4 37. Qh5+ Kg7 38. Qe5+ {Black
resigns} 1-0

[Event "ICCopen2016"]
[Site "Internet Chess Club"]
[Date "2016.06.04"]
[Round "3"]
[White "magikk"]
[Black "afgano45"]
[Result "0-1"]
[ICCResult "White resigns"]
[WhiteElo "1496"]
[BlackElo "1958"]
[Opening "Sicilian: Nimzovich-Rossolimo attack (without ...d6)"]
[ECO "B30"]
[NIC "SI.31"]
[Time "14:23:29"]
[TimeControl "180+0"]

1. e4 c5 2. Nf3 Nc6 3. Bb5 d6 4. Bxc6+ bxc6 5. d4 cxd4 6. Nxd4 Bd7 7. O-O
Nf6 8. Nc3 e5 9. Nde2 h6 10. f3 Be7 11. Be3 O-O 12. Qe1 Qc7 13. Rd1 Be6 14.
Ng3 d5 15. exd5 cxd5 16. Nce2 d4 17. Bd2 Qxc2 18. Rc1 Qxb2 19. Ne4 Nxe4 20.
fxe4 Qxa2 21. Ng3 Bh4 22. Ra1 Qc2 23. Rc1 Bxg3 24. hxg3 Qa4 25. Bxh6 gxh6
26. Rf6 Kg7 27. Qf2 d3 28. Rf1 Qd4 {White resigns} 0-1